EL
PENSACOLA BLUE WAHOOS @ BILOXI SHUCKERS
08/06/2048
 
TOP OF THE 1ST
Pensacola Blue Wahoos batting - Pitching for Biloxi Shuckers : RHP Jeff Swomley
Pitching: RHP Jeff Swomley
Batting: RHB Tony Casas 0-0: Called Strike
0-1: Ball
1-1: Foul Ball, location: 2F
1-2: Strikes out looking
Batting: RHB Sang-ton Pak 0-0: Ball
1-0: Called Strike
1-1: Swinging Strike
1-2: Foul Ball, location: 2F
1-2: Ball
2-2: Strikes out swinging
Batting: RHB Jordan Torres 0-0: Called Strike
0-1: Called Strike
0-2: Ball
1-2: Ball
2-2: Strikes out looking
Top of the 1st over - 0 runs, 0 hits, 0 errors, 0 left on base; Pensacola 0 - Biloxi 0
BOTTOM OF THE 1ST
Biloxi Shuckers batting - Pitching for Pensacola Blue Wahoos : LHP Elijah McLeod
Pitching: LHP Elijah McLeod
Batting: RHB Hector Silva 0-0: Called Strike
0-1: Foul Ball, location: 2F
0-2: Ball
1-2: Ball
2-2: Ball
3-2: SINGLE (Groundball, 56S, EV 73.1 MPH) (infield hit)
Batting: RHB Cameron Rattenbury 0-0: Ball
Hector Silva steals 2nd base
1-0: Foul Ball, location: 2F
1-1: Ball
2-1: Ball
3-1: Ground out 6-3 (Groundball, 6D, EV 97.5 MPH)
Batting: RHB Bobby Heagle 0-0: Ball
1-0: Ball
2-0: Ground out 5-3 (Groundball, 5, EV 84.4 MPH)
Batting: SHB Orlando Torres 0-0: Ball
1-0: Ball
2-0: Called Strike
2-1: Ball
3-1: Base on Balls
Batting: LHB Pablo Cardona 0-0: Ball
1-0: Swinging Strike
1-1: Called Strike
1-2: Foul Ball, location: 2F
1-2: Strikes out looking
Bottom of the 1st over - 0 runs, 1 hit, 0 errors, 2 left on base; Pensacola 0 - Biloxi 0
TOP OF THE 2ND
Pensacola Blue Wahoos batting - Pitching for Biloxi Shuckers : RHP Jeff Swomley
Batting: RHB Dave Ruiz 0-0: Called Strike
0-1: Ball
1-1: Swinging Strike
1-2: Foul Ball, location: 2F
1-2: Strikes out looking
Batting: RHB Joe Kooyers 0-0: Called Strike
0-1: Foul Ball, location: 2F
0-2: Ball
1-2: Foul Ball, location: 2F
1-2: Strikes out swinging
Batting: LHB Brian Snyder 0-0: Foul Ball, location: 2F
0-1: Foul Ball, location: 2F
0-2: Foul Ball, location: 2F
0-2: Ball
1-2: Ball
2-2: Strikes out swinging
Top of the 2nd over - 0 runs, 0 hits, 0 errors, 0 left on base; Pensacola 0 - Biloxi 0
BOTTOM OF THE 2ND
Biloxi Shuckers batting - Pitching for Pensacola Blue Wahoos : LHP Elijah McLeod
Batting: RHB Brian Landrum 0-0: Called Strike
0-1: Ball
1-1: Swinging Strike
1-2: Ball
2-2: Ball
3-2: Ground out 4-3 (Groundball, 4, EV 83.8 MPH)
Batting: LHB Rick Campbell 0-0: Ball
1-0: Ball
2-0: Swinging Strike
2-1: Swinging Strike
2-2: Strikes out swinging
Batting: RHB Leo Serrano 0-0: Called Strike
0-1: Foul Ball, location: 2F
0-2: Strikes out looking
Bottom of the 2nd over - 0 runs, 0 hits, 0 errors, 0 left on base; Pensacola 0 - Biloxi 0
TOP OF THE 3RD
Pensacola Blue Wahoos batting - Pitching for Biloxi Shuckers : RHP Jeff Swomley
Batting: RHB Matt Silva 0-0: Swinging Strike
0-1: Swinging Strike
0-2: SINGLE (Groundball, 6MD, EV 106.2 MPH)
Batting: LHB Phil Lomax 0-0: Ball
1-0: Called Strike
1-1: Foul Ball, location: 2F
1-2: SINGLE (Groundball, 56D, EV 102.5 MPH)
Matt Silva to second
Batting: RHB Pat Mage 0-0: Foul Ball, location: 2F
0-1: Called Strike
0-2: Ball
1-2: Ball
2-2: Strikes out looking
Batting: RHB Tony Casas 0-0: Called Strike
0-1: Ball
1-1: Ball
2-1: Foul Ball, location: 2F
2-2: Ball
3-2: Ground out 5-3 (Groundball, 56S, EV 66.2 MPH)
Matt Silva to third
Phil Lomax to second
Batting: RHB Sang-ton Pak 0-0: Called Strike
0-1: Foul Ball, location: 2F
0-2: Strikes out swinging
Top of the 3rd over - 0 runs, 2 hits, 0 errors, 2 left on base; Pensacola 0 - Biloxi 0
BOTTOM OF THE 3RD
Biloxi Shuckers batting - Pitching for Pensacola Blue Wahoos : LHP Elijah McLeod
Batting: SHB Mike Williams 0-0: Foul Ball, location: 2F
0-1: Fly out, F9 (Flyball, 89M, EV 80.6 MPH)
Batting: RHB Hector Silva 0-0: Ball
1-0: Ground out 5-3 (Groundball, 56, EV 85.0 MPH)
Batting: RHB Cameron Rattenbury 0-0: Ball
1-0: Swinging Strike
1-1: Ball
2-1: Foul Ball, location: 2F
2-2: Ball
3-2: Fly out, F7 (Flyball, 7LS, EV 75.0 MPH)
Bottom of the 3rd over - 0 runs, 0 hits, 0 errors, 0 left on base; Pensacola 0 - Biloxi 0
TOP OF THE 4TH
Pensacola Blue Wahoos batting - Pitching for Biloxi Shuckers : RHP Jeff Swomley
Batting: RHB Jordan Torres 0-0: Ground out U3 (Groundball, 34, EV 79.4 MPH)
Batting: RHB Dave Ruiz 0-0: Foul Ball, location: 2F
0-1: Ball
1-1: Foul Ball, location: 2F
1-2: Ball
2-2: Strikes out swinging
Batting: RHB Joe Kooyers 0-0: Called Strike
0-1: Foul Ball, location: 2F
0-2: Strikes out swinging
Top of the 4th over - 0 runs, 0 hits, 0 errors, 0 left on base; Pensacola 0 - Biloxi 0
BOTTOM OF THE 4TH
Biloxi Shuckers batting - Pitching for Pensacola Blue Wahoos : LHP Elijah McLeod
Batting: RHB Bobby Heagle 0-0: Called Strike
0-1: Swinging Strike
0-2: Strikes out swinging
Batting: SHB Orlando Torres 0-0: Fly out, F9 (Flyball, 9, EV 88.1 MPH)
Batting: LHB Pablo Cardona 0-0: Fly out, F7 (Flyball, 7LM, EV 90.6 MPH)
Bottom of the 4th over - 0 runs, 0 hits, 0 errors, 0 left on base; Pensacola 0 - Biloxi 0
TOP OF THE 5TH
Pensacola Blue Wahoos batting - Pitching for Biloxi Shuckers : RHP Jeff Swomley
Batting: LHB Brian Snyder 0-0: Foul Ball, location: 2F
0-1: Ball
1-1: Called Strike
1-2: Foul Ball, location: 2F
1-2: Ball
2-2: Strikes out looking
Batting: RHB Matt Silva 0-0: Swinging Strike
0-1: Called Strike
0-2: Foul Ball, location: 2F
0-2: Ball
1-2: Foul Ball, location: 2F
1-2: Ball
2-2: Strikes out swinging
Batting: LHB Phil Lomax 0-0: Ball
1-0: Ball
2-0: Swinging Strike
2-1: Swinging Strike
2-2: Ball
3-2: Strikes out looking
Top of the 5th over - 0 runs, 0 hits, 0 errors, 0 left on base; Pensacola 0 - Biloxi 0
BOTTOM OF THE 5TH
Biloxi Shuckers batting - Pitching for Pensacola Blue Wahoos : LHP Elijah McLeod
Batting: RHB Brian Landrum 0-0: Ball
1-0: Ball
2-0: Ball
3-0: Called Strike
3-1: Foul Ball, location: 2F
3-2: Ground out 4-3 (Groundball, 4, EV 105.0 MPH)
Batting: LHB Rick Campbell 0-0: Called Strike
0-1: Foul Ball, location: 2F
0-2: Fly out, F7 (Flyball, 7D, EV 84.4 MPH)
Batting: RHB Leo Serrano 0-0: Ball
1-0: Swinging Strike
1-1: Swinging Strike
1-2: Ball
2-2: Strikes out swinging
Bottom of the 5th over - 0 runs, 0 hits, 0 errors, 0 left on base; Pensacola 0 - Biloxi 0
TOP OF THE 6TH
Pensacola Blue Wahoos batting - Pitching for Biloxi Shuckers : RHP Jeff Swomley
Batting: RHB Pat Mage 0-0: Called Strike
0-1: Foul Ball, location: 2F
0-2: Ball
1-2: Strikes out looking
Pitching: LHP Randy Yarrigle
Batting: RHB Tony Casas 0-0: Called Strike
0-1: Swinging Strike
0-2: Strikes out swinging
Batting: RHB Sang-ton Pak 0-0: Ball
1-0: Foul Ball, location: 2F
1-1: Ball
2-1: Swinging Strike
2-2: Foul Ball, location: 2F
2-2: Foul Ball, location: 2F
2-2: Foul Ball, location: 2F
2-2: Ball
3-2: Foul Ball, location: 2F
3-2: Strikes out swinging
Top of the 6th over - 0 runs, 0 hits, 0 errors, 0 left on base; Pensacola 0 - Biloxi 0
BOTTOM OF THE 6TH
Biloxi Shuckers batting - Pitching for Pensacola Blue Wahoos : LHP Elijah McLeod
Batting: SHB Mike Williams 0-0: SINGLE (Groundball, 4, EV 104.4 MPH)
Batting: RHB Hector Silva 0-0: Ball
1-0: Called Strike
1-1: Ball
2-1: Ball
3-1: Fielders Choice at 2nd, 4-6 (Groundball, 4, EV 105.0 MPH)
Batting: RHB Cameron Rattenbury 0-0: Ball
1-0: Foul Ball, location: 2F
1-1: Fielders Choice at 2nd, 5-4 (Groundball, 5S, EV 84.4 MPH)
Batting: RHB Bobby Heagle 0-0: Called Strike
Cameron Rattenbury steals 2nd, throwing error, E2
Cameron Rattenbury to third
0-1: Ball
Wild Pitch!
Cameron Rattenbury scores
1-1: Foul Ball, location: 2F
1-2: DOUBLE (Line Drive, 8RXD, EV 103.1 MPH)
Batting: SHB Orlando Torres 0-0: Ball
1-0: Swinging Strike
1-1: Swinging Strike
1-2: Foul Ball, location: 2F
1-2: Foul Ball, location: 2F
1-2: Foul Ball, location: 2F
1-2: Foul Ball, location: 2F
1-2: Strikes out looking
Bottom of the 6th over - 1 run, 2 hits, 1 error, 1 left on base; Pensacola 0 - Biloxi 1
TOP OF THE 7TH
Pensacola Blue Wahoos batting - Pitching for Biloxi Shuckers : LHP Randy Yarrigle
Batting: RHB Jordan Torres 0-0: Ball
1-0: Ground out 4-3 (Groundball, 4MS, EV 80.0 MPH)
Batting: RHB Dave Ruiz 0-0: Ball
1-0: Ball
2-0: Ball
3-0: Base on Balls
Batting: RHB Joe Kooyers 0-0: Ball
1-0: Foul Ball, location: 2F
1-1: Called Strike
1-2: Strikes out swinging
Batting: LHB Brian Snyder 0-0: Ground out 4-3 (Groundball, 4, EV 80.0 MPH)
Top of the 7th over - 0 runs, 0 hits, 0 errors, 1 left on base; Pensacola 0 - Biloxi 1
BOTTOM OF THE 7TH
Biloxi Shuckers batting - Pitching for Pensacola Blue Wahoos : LHP Elijah McLeod
Batting: LHB Pablo Cardona 0-0: Foul Ball, location: 2F
0-1: Called Strike
0-2: Strikes out looking
Batting: RHB Brian Landrum 0-0: Ball
1-0: Called Strike
1-1: Ball
2-1: Foul Ball, location: 2F
2-2: Ground out 5-3 (Groundball, 56, EV 79.4 MPH)
Batting: LHB Rick Campbell 0-0: Ground out 5-3 (Groundball, 5S, EV 83.8 MPH)
Bottom of the 7th over - 0 runs, 0 hits, 0 errors, 0 left on base; Pensacola 0 - Biloxi 1
TOP OF THE 8TH
Pensacola Blue Wahoos batting - Pitching for Biloxi Shuckers : LHP Randy Yarrigle
Pitching: RHP Juan Barroso
Batting: RHB Matt Silva 0-0: Called Strike
0-1: Called Strike
0-2: Ball
1-2: Strikes out swinging
Batting: LHB Phil Lomax 0-0: Called Strike
0-1: Ball
1-1: Swinging Strike
1-2: Foul Ball, location: 2F
1-2: Ball
2-2: Ball
3-2: Strikes out swinging
Batting: RHB Pat Mage 0-0: Fly out, F9 (Flyball, 9S, EV 88.1 MPH)
Top of the 8th over - 0 runs, 0 hits, 0 errors, 0 left on base; Pensacola 0 - Biloxi 1
BOTTOM OF THE 8TH
Biloxi Shuckers batting - Pitching for Pensacola Blue Wahoos : LHP Elijah McLeod
Pitching: RHP Victor Uriegas
Batting: RHB Leo Serrano 0-0: Ball
1-0: Foul Ball, location: 2F
1-1: Ground out 6-3 (Groundball, 6S, EV 77.5 MPH)
Batting: SHB Mike Williams 0-0: Ball
1-0: Ball
2-0: Called Strike
2-1: Foul Ball, location: 2F
2-2: Foul Ball, location: 2F
2-2: Ground out 5-3 (Groundball, 56S, EV 87.5 MPH)
Batting: RHB Hector Silva 0-0: Called Strike
0-1: Swinging Strike
0-2: Ball
1-2: Ball
2-2: Ball
3-2: Strikes out swinging
Bottom of the 8th over - 0 runs, 0 hits, 0 errors, 0 left on base; Pensacola 0 - Biloxi 1
TOP OF THE 9TH
Pensacola Blue Wahoos batting - Pitching for Biloxi Shuckers : RHP Juan Barroso
Pitching: RHP Ernie Schmutz
Batting: RHB Tony Casas 0-0: Called Strike
0-1: Ball
1-1: Foul Ball, location: 2F
1-2: Strikes out looking
Batting: RHB Sang-ton Pak 0-0: Called Strike
0-1: Foul Ball, location: 2F
0-2: Strikes out swinging
Batting: RHB Jordan Torres 0-0: SOLO HOME RUN (Flyball, 7D, EV 96.9 MPH), Distance : 369 ft
Batting: RHB Dave Ruiz 0-0: Ball
1-0: Ball
2-0: Swinging Strike
2-1: Swinging Strike
2-2: Strikes out swinging
Top of the 9th over - 1 run, 1 hit, 0 errors, 0 left on base; Pensacola 1 - Biloxi 1
BOTTOM OF THE 9TH
Biloxi Shuckers batting - Pitching for Pensacola Blue Wahoos : RHP Victor Uriegas
Pitching: LHP Gavrilo Brkic
Batting: RHB Cameron Rattenbury 0-0: Swinging Strike
0-1: Ball
1-1: Swinging Strike
1-2: Strikes out swinging
Batting: RHB Bobby Heagle 0-0: SINGLE (Flyball, 89S, EV 91.9 MPH)
Batting: SHB Orlando Torres 0-0: Ball
1-0: Fly out, F8 (Flyball, 8RS, EV 92.5 MPH)
Pinch Hitting: RHB Steve Byerly 0-0: Foul Ball, location: 2F
0-1: Ball
1-1: Called Strike
1-2: Ball
Wild Pitch!
Bobby Heagle to second
2-2: Ball
3-2: Intentional Walk
Batting: RHB Brian Landrum 0-0: Ball
1-0: Ball
2-0: Called Strike
2-1: Foul Ball, location: 2F
2-2: Foul Ball, location: 2F
2-2: Reached on error, E4 (Groundball, 4S, EV 89.4 MPH)
Bobby Heagle to third
Steve Byerly to second
Pinch Hitting: RHB Ben Taylor 0-0: Swinging Strike
0-1: Ball
1-1: SINGLE (Groundball, 4MD, EV 95.6 MPH)
Bobby Heagle scores
Bottom of the 9th over - 1 run, 2 hits, 1 error, 2 left on base; Pensacola 1 - Biloxi 2
Tuesday, March 28th , 2023 - OOTP Baseball 23.10 Build 110